 Dungeon Crawl Stone Soup version 0.22-a0-292-g0df9d5f (webtiles) character file.

48 MatthieuS the Insei (level 4, -4/35 HPs)
             Began as a Human Monk on Mar 23, 2018.
             Was a Believer of Ashenzari.
             Slain by an iguana (11 damage)
             ... on level 2 of the Dungeon.
             The game lasted 00:03:02 (1745 turns).

MatthieuS the Insei (Human Monk)                    Turns: 1745, Time: 00:03:03

Health: -4/35      AC:  3    Str: 12    XL:     4   Next: 0%
Magic:  4/4        EV: 12    Int: 11    God:    Ashenzari [**....]
Gold:   52         SH:  0    Dex: 15    Spells: 3/3 levels left

rFire    . . .     SeeInvis .     - Unarmed
rCold    . . .     Gourm    .   (no shield)
rNeg     . . .     Faith    .   d - +0 leather armour (curse)
rPois    .         Spirit   .   (no helmet)
rElec    .         Reflect  .   (no cloak)
rCorr    .         Harm     .   (no gloves)
MR       .....                  (no boots)
Stlth    ++........             (no amulet)
HPRegen  0.11/turn              (no ring)
MPRegen  0.09/turn              (no ring)

@: hasted, drained, very quick
A: no striking features
a: Curse Item, Scrying, Renounce Religion


You were on level 2 of the Dungeon.
You worshipped Ashenzari.
Ashenzari was pleased with you.
You were hungry.

You visited 1 branch of the dungeon, and saw 2 of its levels.

You collected 52 gold pieces.

Inventory:

Missiles
 b - 15 poisoned needles
Armour
 d - a cursed +0 leather armour (worn)
   (You found it on level 1 of the Dungeon)
 i - a +0 chain mail
   (You found it on level 2 of the Dungeon)
Scrolls
 c - a scroll of fog {unknown}
 f - a scroll of teleportation {unknown}
 g - a scroll of amnesia {unknown}
 h - a scroll of enchant weapon {unknown}
Comestibles
 e - 4 rations


   Skills:
 + Level 3.4(3.0) Fighting
 + Level 1.3(0.9) Armour
 - Level 3.0(2.6) Dodging
 - Level 2.0(1.6) Stealth
 * Level 3.9(3.5) Unarmed Combat


You had 3 spell levels left.
You didn't know any spells.

Dungeon Overview and Level Annotations

Branches:
Dungeon (2/15)

Altars:
Ashenzari


Message History

You start resting.
You feel a strong urge to attack something.
You are no longer berserk.
You are exhausted.
You feel yourself slow down.
You start resting.
You feel yourself speed up.
You recover from your berserk rage.
You are feeling hungry.
You open the door.
Found 10 gold pieces.
There is an open door here.
You now have 52 gold pieces (gained 10).
There is an open door here.
Found an escape hatch in the ceiling.
b - 15 poisoned needles
Found a +0 chain mail.
Found a stone staircase leading up.
You see here a +0 chain mail.
i - a +0 chain mail You open the door.
There is an open door here.
Found 20 arrows.
Found an uncursed hand axe.
A rat comes into view.
There is an open door here.
A rat is nearby!
An iguana comes into view.
The iguana hisses angrily.
You hit the iguana. The iguana barely misses you.
You closely miss the iguana. The iguana bites you.
You hit the iguana but do no damage. Your punch misses the iguana.
The iguana closely misses you.
You hit the iguana but do no damage. You hit the iguana but do no damage.
The iguana bites you. The rat barely misses you.
You hit the iguana. The iguana bites you! The rat bites you.
You hit the iguana but do no damage. The iguana closely misses you.
The rat misses you.
You hit the iguana. The iguana bites you!
* * * LOW HITPOINT WARNING * * *
The rat bites you but does no damage.
There is an open door here.
You hit the iguana. The iguana misses you.
The iguana hisses menacingly.
The iguana bites you.
* * * LOW HITPOINT WARNING * * *
You closely miss the iguana. The iguana bites you.
* * * LOW HITPOINT WARNING * * *
It was a potion of haste.
You feel yourself speed up. The iguana bites you!
You die...

#..........# #...........
#..........# #...........
#..........# #.......<...
#......#'#.# #...........
*########.# *
#######........... ..)......#
.........##.......
########.#####
###.....##.##+###
#..........#####.....##.#
............rl@.'.....##..
,,,
*##........#.#####.....####,,
#.######.#.# ###.....# , *#
** #.#(# #.......# , ,
,*#.#.###........# , ,
#.#.##....≈≈≈....* , , , ,
..#.##...≈≈≈≈≈.... * ,
###+#######≈#####. , , , ≈≈#


You could see an iguana and a rat.

Vanquished Creatures
  An adder (D:2)
  2 dart slugs (D:1)
  A leopard gecko (D:2)
  2 goblins
  A hobgoblin (D:2)
  10 jackals
  4 kobolds
  3 bats
  2 frilled lizards (D:1)
  6 rats
32 creatures vanquished.

Notes
Turn   | Place    | Note
-------+----------+-------------------------------------------
     0 | D:1      | MatthieuS the Human Monk began the quest for the Orb.
     0 | D:1      | Reached XP level 1. HP: 18/18 MP: 1/1
   154 | D:1      | Reached XP level 2. HP: 12/24 MP: 2/2
   708 | D:1      | Found a shattered altar of Ashenzari.
   712 | D:1      | Became a worshipper of Ashenzari the Shackled
   712 | D:1      | Reached * piety under Ashenzari
   712 | D:1      | Reached ** piety under Ashenzari
   725 | D:1      | Reached skill level 1 in Armour
   725 | D:1      | Reached XP level 3. HP: 28/29 MP: 3/3
  1491 | D:2      | Reached XP level 4. HP: 19/35 MP: 4/4
  1745 | D:2      | Slain by an iguana

Vault maps used:
D:1:      saegor_arrival_simple_f, nicolae_ashenzari_panopticon
D:2:      lemuel_another_geyser, uniq_jessica

Skill      XL: |  1  2 |
---------------+-------+-----
Armour         | 1 |  1.3
Fighting       | |  3.4
Dodging        | |  3.0
Stealth        | |  2.0
Unarmed Combat | |  3.9

Action                   |  1- 3 |  4- 6 || total
-------------------------+-------+-------++-------
Melee: Unarmed           |   138 |    10 ||   148
  Use: Potion            |     3 |     1 ||     4
  Eat: Chunk             |     2 |       ||     2
Armor: Leather armour    |    41 |     1 ||    42
       Robe              |     1 |       ||     1
Dodge: Dodged            |    97 |     6 ||   103

Table legend:
 A = Spawn XP
 B = Non-spawn XP
 C = Spawn XP percentage of total XP
 D = Spawn monster count
 E = Non-spawn monster count
 F = Spawn count percentage of total count
 G = Total turns spent on level
                    A         B        C        D         E        F      G
               +---------+---------+-------+---------+---------+-------+---------
         Total |       0 |      69 |   0.0 |       0 |      32 |   0.0 |  1745
               +---------+---------+-------+---------+---------+-------+---------
           D:1 |       0 |      36 |   0.0 |       0 |      20 |   0.0 |  1118
           D:2 |       0 |      33 |   0.0 |       0 |      12 |   0.0 |   627
               +---------+---------+-------+---------+---------+-------+---------
